 Dungeon Crawl Stone Soup version 0.28.0-53-g5a82cb258f (webtiles) character file.

Game seed: 16816097127742854975

11203 mortz the Destroyer (level 11, -9/82 HPs)
             Began as a Yellow Draconian Conjurer on May 25, 2022.
             Was a Follower of Vehumet.
             Mangled by a hornet (10 damage)
             ... on level 10 of the Dungeon on May 26, 2022.
             The game lasted 01:07:14 (13977 turns).

mortz the Destroyer (Yellow Draconian Conjurer)    Turns: 13977, Time: 01:07:15

Health: -9/82      AC:  8    Str: 11    XL:     11   Next: 46%
Magic:  1/34       EV: 12    Int: 28    God:    Vehumet [*.....]
Gold:   1489       SH:  3    Dex:  9    Spells: 21/30 levels left

rFire   . . .      SeeInvis +   S - +5 whip "Qejoment" {spect, rC+ rN+ Int+6, mace}
rCold   + . .      Faith    .   v - +0 buckler
rNeg    + . .      Spirit   .   (armour unavailable)
rPois   .          Reflect  .   (helmet restricted)
rElec   .          Harm     .   (no cloak)
rCorr   +          Rampage  .   I - +0 pair of gloves
Will    .....                   (no boots)
Stlth   +++.......              K - amulet of regeneration {@e2}
HPRegen 1.03/turn               j - ring of magical power
MPRegen 0.24/turn               Q - ring of see invisible

@: lethally poisoned (-9 -> -10), slowed, very slow
A: spit acid, AC +7, unfitting armour, cold-blooded, acid resistance
a: Breathe Acid, Renounce Religion


You were on level 10 of the Dungeon.
You worshipped Vehumet.
Vehumet was aware of your devotion.
You visited 2 branches of the dungeon, and saw 11 of its levels.
You also visited: Ossuary and Bailey.

You collected 1489 gold pieces.


Innate Abilities, Weirdness & Mutations

You can spit globs of acid.
Your golden yellow scales are hard. (AC +7)
You cannot fit into any form of body armour.
You are cold-blooded and may be slowed by cold attacks.
You are resistant to acid. (rCorr)


   Skills:
 + Level 3.3 Fighting
 + Level 1.4 Maces & Flails
 + Level 4.2 Dodging
 + Level 5.2 Stealth
 + Level 2.0 Shields
 + Level 10.1 Spellcasting
 + Level 10.7 Conjurations
 + Level 7.5 Translocations
 + Level 1.5 Evocations


You had 21 spell levels left.
You knew the following spells:

 Your Spells              Type           Power      Damage    Failure   Level
a - Magic Dart            Conj           100%       1d8       1%          1
b - Searing Ray           Conj           100%       2d8       1%          2
c - Iskenderun's Mystic   Conj/Tloc      60%        2d13      1%          4
d - Blink                 Tloc           100%       N/A       1%          2

Your spell library contained the following spells:

 Spells                   Type           Power      Damage    Failure   Level
 Freeze                   Ice            56%        1d7       5%          1
 Dazzling Flash           Conj/Hex       88%        N/A       1%          3
 Lesser Beckoning         Tloc           54%        N/A       1%          3
 Passage of Golubria      Tloc           54%        N/A       2%          4
 Fulminant Prism          Conj/Hex       22%        3d13      5%          4
 Manifold Assault         Tloc           54%        N/A       7%          5
 Tukima's Dance           Hex            14%        N/A       16%         3
 Yara's Violent Unravell  Hex/Tmut       7%         3d5       82%         5

Inventory:

Hand Weapons
 a - a +4 great sword {long}
   (You took it off a wight on level 8 of the Dungeon)
 f - a +0 falchion {long}
   (You took it off an orc priest on level 6 of the Dungeon)
 h - a +0 rapier {short}
   (You found it on level 2 of the Dungeon)
 m - a +0 hand axe {axe}
   (You took it off an orc priest on level 3 of the Dungeon)
 r - a +1 morningstar of venom {mace}
   (You took it off an orc on level 8 of the Dungeon)
 z - a +1 flail of protection {mace}
   (You took it off Edmund on level 5 of the Dungeon)
 L - a +2 short sword of holy wrath {short}
   (You took it off a kobold on level 7 of the Dungeon)
 S - the +5 whip "Qejoment" (weapon) {spect, rC+ rN+ Int+6, mace}
   (You found it in a bailey)

   When its wielder attacks, the weapon's spirit leaps out and strikes again.
   The spirit shares a part of any damage it takes with its wielder.
   Int:       It affects your intelligence (+6).
   rC:        It protects you from cold.
   rN:        It protects you from negative energy.
Missiles
 E - 22 boomerangs {throwing}
 J - 24 poisoned darts {throwing}
Armour
 v - a +0 buckler (worn)
   (You took it off a gnoll sergeant on level 5 of the Dungeon)
 I - a +0 pair of gloves (worn)
   (You found it in an ossuary)
Magical Staves
 g - a staff of air {!astaff}
   (You found it on level 1 of the Dungeon)
Jewellery
 j - a ring of magical power (left hand)
   (You found it on level 2 of the Dungeon)
 o - an amulet of reflection
   (You found it on level 3 of the Dungeon)
 t - a +6 ring of dexterity
   (You found it on level 5 of the Dungeon)
 K - an amulet of regeneration (around neck) {@e2}
   (You found it on level 7 of the Dungeon)
 Q - a ring of see invisible (right hand)
   (You found it in a bailey)
 R - a ring of willpower
   (You found it on level 9 of the Dungeon)
Wands
 p - a wand of iceblast (10)
   (You found it on level 7 of the Dungeon)
 y - a wand of digging (4)
   (You found it on level 5 of the Dungeon)
 T - a wand of charming (2)
   (You took it off an orc priest on level 9 of the Dungeon)
Scrolls
 c - a scroll of silence {unknown}
 d - a scroll of magic mapping {!r}
 e - 3 scrolls of immolation {!r!r}
 l - 3 scrolls of teleportation {@r4}
 n - a scroll of noise {unknown}
 q - a scroll of amnesia {unknown}
 u - a scroll of vulnerability {!r!r}
 x - a scroll of enchant weapon {unknown}
 A - 2 scrolls of fear
 B - a scroll of fog
 N - a scroll of summoning {unknown}
 O - a scroll of blinking {unknown}
Potions
 b - a potion of curing {unknown}
 i - 2 potions of ambrosia
 k - a potion of cancellation {unknown}
 s - 6 potions of mutation {!q}
 C - 2 potions of magic
 D - 4 potions of might
 F - 2 potions of haste {unknown}
 G - 2 potions of lignification {!q}
 H - a potion of attraction {unknown}
 M - 2 potions of invisibility {unknown}
 P - 2 potions of heal wounds {unknown}

Dungeon Overview and Level Annotations

Branches:
Dungeon (10/15)            Temple (1/1) D:4         Ossuary (visited)
 Bailey (visited)
   Lair: D:8-11         Orc: D:9-12

Altars:
Ashenzari
Cheibriados
Dithmenos
Elyvilon
Fedhas
Gozag
Hepliaklqana
Kikubaaqudgha
Makhleb
Nemelex Xobeh
Okawaru
Qazlal
Ru
Sif Muna
Trog
Uskayaw
Vehumet
Wu Jian
Xom
Yredelemnul
Zin
The Shining One

Annotations:
D:6 1 runed translucent door, RatsInWalls's ghost, novice TrMo

.....##....###....
#...##...........
##...##...........
#............#....
##...†.......## #..
#....†.......# . #
##...<.......# .#
#...##...(### ...
..##...###@#########)###
...........†y...#.......#
....#....##.(..†........##
....#....##...#.#.#.......
.#. ###......####.#.......
# ...##.## ##...h.....
.....>.. #..........
......................
.......................


You could see a hornet and a friendly +5 whip "Qejoment" {spect, rC+ rN+ Int+6,
mace} (summoned).


Message History

Vehumet accepts your kill.
You are engulfed in a cloud of scalding steam.
* * * LOW HITPOINT WARNING * * *
Your Maces & Flails skill increases to level 1! 😨 HP[-7] MP[-4]
You take 7 damage, and now have 31/82 hp.
You lost 4 mp, and now have 14/34 mp.
Casting: Iskenderun's Mystic Blast (mildly dangerous; 1% risk of failure)
Confirm with . or Enter, or press ? or * to list all spells.
Aiming: Searing Ray (safe; 1% risk of failure)
Press: ? - help, Shift-Dir - straight line, f - hornet
Aim: a hornet (74% to hit)
The searing ray hits the hornet. (Press . to maintain the ray.) 😨 HP[+1] MP[-2]
You lost 2 mp, and now have 12/34 mp.
Casting: Searing Ray (safe; 1% risk of failure)
Confirm with . or Enter, or press ? or * to list all spells.
You erupt in a blast of force!
The mystic blast hits the hornet.
The hornet is knocked back by the mystic blast.
The hornet slams into the rock wall!
You carefully extract the barbed spikes from your body. 😨 HP[+1] MP[-4]
You lost 4 mp, and now have 8/34 mp.
Casting: Iskenderun's Mystic Blast (mildly dangerous; 1% risk of failure)
Confirm with . or Enter, or press ? or * to list all spells.
Aiming: Searing Ray (safe; 1% risk of failure)
Press: ? - help, Shift-Dir - straight line, f/p - hornet
Aim: a hornet (moderately wounded, 74% to hit)
The searing ray hits the hornet. (Press . to maintain the ray.) 😨 HP[+1] MP[-1]
You lost 1 mp, and now have 7/34 mp.
The searing ray hits the hornet but does no damage.
The hornet stings you!
* * * LOW HITPOINT WARNING * * *
You feel yourself slow down. 😨 HP[-8] MP[-1]
You take 8 damage, and now have 26/82 hp.
You lost 1 mp, and now have 6/34 mp.
Casting: Searing Ray (safe; 1% risk of failure)
Confirm with . or Enter, or press ? or * to list all spells.
You erupt in a blast of force!
The mystic blast hits the hornet.
The hornet is knocked back by the mystic blast.
The hornet slams into the rock wall!
You feel yourself speed up.
The hornet barely misses you. 😨 HP[+2] MP[-4]
You regained 2 hp, and now have 28/82 hp.
You lost 4 mp, and now have 2/34 mp.
Casting: Iskenderun's Mystic Blast (mildly dangerous; 1% risk of failure)
Confirm with . or Enter, or press ? or * to list all spells.
Aiming: Searing Ray (safe; 1% risk of failure)
Press: ? - help, Shift-Dir - straight line, f/p - hornet
Aim: a hornet (heavily wounded, 74% to hit)
The searing ray hits the hornet but does no damage. (Press . to maintain the ray.)
The hornet closely misses you. 😨 HP[+1] MP[-2]
You lost 2 mp, and now have 0/34 mp.
Without enough magic to sustain it, your searing ray dissipates.
The hornet misses you. The hornet stings you.
* * * LOW HITPOINT WARNING * * *
You feel yourself slow down. 😨 HP[-1] MP[+1]
You take 1 damage, and now have 28/82 hp.
Aiming: Magic Dart (safe; 1% risk of failure)
Press: ? - help, Q - select action, (/) - cycle Shift-Dir - straight line, f/p - hornet
Aim: a hornet (heavily wounded, 100% to hit)
The magic dart hits the hornet but does no damage.
The hornet closely misses you. The hornet misses you. 😨 HP[+1] MP[-1]
You lost 1 mp, and now have 0/34 mp.
You hit the hornet.
Your +5 whip "Qejoment" {spect, rC+ rN+ Int+6, mace} hits the hornet but does no damage.
You feel yourself speed up. The hornet stings you!
* * * LOW HITPOINT WARNING * * *
You feel yourself slow down. The hornet stings you!
* * * LOW HITPOINT WARNING * * *
You are lethally poisoned!
You feel as though you will be slow longer. 😱 HP[-23]
You take 23 damage, and now have 6/82 hp.
MASSIVE DAMAGE!! (PAUSE)
You hit the hornet but do no damage.
Your +5 whip "Qejoment" {spect, rC+ rN+ Int+6, mace} hits the hornet.
* * * LOW HITPOINT WARNING * * *
You feel very sick.
The hornet stings you but does no damage.
The hornet barely misses you. 😱 HP[-4] MP[+1]
You take 4 damage, and now have 2/82 hp.
You barely miss the hornet.
Your +5 whip "Qejoment" {spect, rC+ rN+ Int+6, mace} closely misses the hornet.
* * * LOW HITPOINT WARNING * * *
You feel very sick. The hornet closely misses you. The hornet stings you!
You die...

Skill      XL: |  1  2  3  4  5  6  7  8  9 10 11 |
---------------+----------------------------------+-----
Stealth        | 2 3 4 5 |  5.2
Conjurations   | 5 6 7 8 10 | 10.7
Spellcasting   | 3 4 5 6 7 9 10 | 10.1
Translocations | 1 2 3 5 6 7 |  7.5
Dodging        | 2 3 4 |  4.2
Fighting       | 1 3 |  3.3
Shields        | 1 2 |  2.0
Evocations     | 1 |  1.5
Maces & Flails | 1 |  1.4

Action                   |  1- 3 |  4- 6 |  7- 9 | 10-12 || total
-------------------------+-------+-------+-------+-------++-------
Melee: Dagger            |     4 |       |       |       ||     4
       Whip              |     2 |       |       |     6 ||     8
       Tailslap          |     1 |       |     1 |       ||     2
       Flail             |       |       |     1 |     1 ||     2
 Cast: Magic Dart        |    30 |    49 |    83 |    96 ||   258
       Searing Ray       |    19 |    32 |    60 |    72 ||   183
       Iskenderun's Myst |       |       |     9 |    30 ||    39
 Abil: Breathe Acid      |       |       |    19 |    16 ||    35
Evoke: Wand              |       |       |       |     8 ||     8
  Use: Scroll            |       |       |     7 |     8 ||    15
Armor: Skin              |     1 |     6 |    13 |    14 ||    34
Dodge: Dodged            |     8 |     5 |    48 |    42 ||   103
Block: Other             |       |     2 |     1 |       ||     3
       Buckler           |       |       |    22 |    13 ||    35
       Reflection        |       |       |     7 |       ||     7

Levels and vault maps discovered:
D:1:      saegor_arrival_simple_e, layout_loops_ring, serial_bayou,
          serial_bayou_pond_a, serial_bayou_pond_e, serial_bayou_pond_e,
          serial_bayou_pond_a, serial_bayou_lake_a, serial_bayou_pond_b
D:2:      layout_loops_ring, chequers_ecumenical_altar_simple_redux,
          patterned_corridor
D:3:      layout_loops_cross, kiku_gazebo_pond_becter
D:4:      layout_layer_cave, trog_book, minmay_temple_entry_arrows
D:5:      layout_loops_ring, corexii_hall_statues_l, uniq_edmund, uniq_grinder,
          uniq_blork_the_orc
D:6:      layout_cave_pods, ebering_ghost_xom, uniq_menkaure, uniq_maggie
D:7:      layout_rooms, nicolae_hepliaklqana_hippocampus,
          nicolae_ossuary_entry_monument
D:8:      layout_basic, minmay_crystal_water, minmay_fractal_squares_5
D:9:      layout_basic, grunt_dithmenos_smoke_and_mirrors,
          grunt_temple_overflow_cloverleaf, enter_bailey_5, interstate_on_off,
          minmay_between
D:10:     layout_cave_pools, lair_entry_dummy, hiddenorc2_lemuel, st_stairs_4,
          grunt_decor_cap
Temple:   eino_narrow_crystal_temple

Notes
Turn   | Place    | Note
-------+----------+-------------------------------------------
     0 | D:1      | mortz the Draconian Conjurer began the quest for the Orb.
     0 | D:1      | Reached XP level 1. HP: 14/14 MP: 3/3
     0 | D:1      | magus.rc [v1.9.6]
   234 | D:1      | Reached XP level 2. HP: 14/20 MP: 0/5
   239 | D:1      | Learned a level 2 spell: Searing Ray
   970 | D:1      | Reached XP level 3. HP: 26/26 MP: 4/6
  1755 | D:2      | Found a faded altar of an unknown god.
  1761 | D:2      | Reached skill level 2 in Stealth
  1761 | D:2      | Reached skill level 5 in Conjurations
  2024 | D:2      | Reached XP level 4. HP: 33/33 MP: 2/7
  2969 | D:3      | Reached skill level 3 in Spellcasting
  2970 | D:3      | Reached XP level 5. HP: 38/38 MP: 9/9
  2977 | D:3      | Reached skill level 1 in Translocations
  3118 | D:3      | Found an ancient bone altar of Kikubaaqudgha.
  3737 | D:4      | Found a bloodstained altar of Trog.
  3746 | D:4      | Reached XP level 6. HP: 45/45 MP: 11/11
  3929 | D:4      | Reached skill level 6 in Conjurations
  3953 | D:4      | Found a staircase to the Ecumenical Temple.
  3958 | Temple   | Entered the Ecumenical Temple
  4376 | D:4      | Reached skill level 2 in Translocations
  4609 | D:4      | Reached skill level 2 in Dodging
  5411 | D:5      | Entered Level 5 of the Dungeon
  5454 | D:5      | Noticed an ice beast
  5463 | D:5      | Killed an ice beast
  5464 | D:5      | Reached skill level 4 in Spellcasting
  5464 | D:5      | Your scales start taking on a golden yellow colour.
  5464 | D:5      | Reached XP level 7. HP: 43/50 MP: 13/13
  5464 | D:5      | Gained mutation: You are resistant to acid. (rCorr) [Yellow
                  | Draconian growth]
  5517 | D:5      | Noticed Grinder
  5529 | D:5      | Reached skill level 3 in Translocations
  5530 | D:5      | Paralysed by Grinder for 6 turns
  5536 | D:5      | Killed Grinder
  5537 | D:5      | Reached skill level 3 in Stealth
  5817 | D:5      | Reached skill level 5 in Spellcasting
  6045 | D:5      | Reached XP level 8. HP: 47/57 MP: 15/15
  6154 | D:5      | Noticed Edmund
  6169 | D:5      | Killed Edmund
  6170 | D:5      | Reached skill level 7 in Conjurations
  6305 | D:5      | Noticed Blork the orc
  6312 | D:5      | Killed Blork the orc
  6322 | D:5      | Reached skill level 4 in Translocations
  6917 | D:6      | Noticed Maggie
  6949 | D:6      | Reached skill level 4 in Stealth
  7084 | D:6      | You add the spells Tukima's Dance, Passage of Golubria and
                  | Yara's Violent Unravelling to your library.
  7090 | D:6      | Learned a level 4 spell: Iskenderun's Mystic Blast
  7119 | D:6      | Found a runed translucent door.
  7122 | D:6      | Found a shimmering altar of Xom.
  7122 | D:6      | Noticed RatsInWalls's ghost (novice TrMo)
  7125 | D:6      | Noticed a +3 long sword of chaos
  7179 | D:6      | Reached skill level 6 in Spellcasting
  7639 | D:6      | Noticed Menkaure
  7643 | D:6      | Killed Menkaure
  7644 | D:6      | Reached skill level 5 in Translocations
  7644 | D:6      | Reached XP level 9. HP: 63/63 MP: 18/18
  7736 | D:5      | Reached skill level 1 in Fighting
  8025 | D:5      | Reached skill level 8 in Conjurations
  8160 | D:6      | Reached skill level 7 in Spellcasting
  8438 | D:6      | Killed Maggie
  8439 | D:6      | Reached skill level 3 in Dodging
  8795 | D:7      | Found a hazy altar of Hepliaklqana.
  8826 | D:7      | Reached skill level 1 in Shields
  8867 | D:7      | Reached skill level 6 in Translocations
  8953 | D:7      | Found a sand-covered staircase.
  8960 | Ossuary  | Entered an ossuary
  9282 | Ossuary  | magus.rc [v1.9.6]
  9508 | D:7      | Reached XP level 10. HP: 70/72 MP: 13/21
  9989 | D:8      | You pick up a book of Spatial Translocations and begin
                  | reading...
  9989 | D:8      | You add the spells Blink, Lesser Beckoning and Manifold
                  | Assault to your library.
 10036 | D:8      | Identified the +5 ring mail of the Cuttlefish {rN+ SInv}
 10066 | D:8      | Reached skill level 9 in Conjurations
 10150 | D:8      | Reached skill level 8 in Spellcasting
 10285 | D:8      | magus.rc [v1.9.6]
 10345 | D:8      | Reached skill level 5 in Stealth
 10500 | D:8      | Noticed a two-headed ogre
 10511 | D:8      | Killed a two-headed ogre
 10879 | D:8      | Reached skill level 2 in Fighting
 11541 | D:9      | Reached skill level 9 in Spellcasting
 11547 | D:9      | Reached skill level 7 in Translocations
 11632 | D:9      | Found a flagged portal.
 11655 | Bailey   | Entered a bailey
 11696 | Bailey   | Noticed an orc warlord
 11811 | Bailey   | Noticed an orc knight
 11838 | Bailey   | Killed an orc knight
 12036 | Bailey   | Found a runed translucent gate.
 12038 | Bailey   | Found a runed translucent gate.
 12217 | Bailey   | Found a runed translucent gate.
 12254 | Bailey   | Killed an orc warlord
 12255 | Bailey   | Reached skill level 3 in Fighting
 12255 | Bailey   | Reached skill level 10 in Conjurations
 12255 | Bailey   | Reached XP level 11. HP: 82/82 MP: 14/24
 12360 | Bailey   | Identified the +5 whip "Qejoment" {spect, rC+ rN+ Int+6}
 12363 | Bailey   | Acquired 826 gold pieces
 12368 | Bailey   | Learned a level 2 spell: Blink
 12494 | D:9      | Found a shadowy altar of Dithmenos.
 12611 | D:9      | Noticed a two-headed ogre
 12621 | D:9      | Killed a two-headed ogre
 12699 | D:9      | Found a basalt altar of Yredelemnul.
 12702 | D:9      | Found a radiant altar of Vehumet.
 12706 | D:9      | Became a worshipper of Vehumet
 12712 | D:9      | Found a glowing silver altar of Zin.
 12715 | D:9      | Found a hide-covered altar of Uskayaw.
 12715 | D:9      | Noticed a white ugly thing
 12722 | D:9      | Killed a white ugly thing
 12723 | D:9      | Reached skill level 1 in Evocations
 13206 | D:9      | Reached skill level 4 in Dodging
 13773 | D:9      | magus.rc [v1.9.6]
 13775 | D:10     | Entered Level 10 of the Dungeon
 13825 | D:10     | Reached skill level 10 in Spellcasting
 13829 | D:10     | Reached * piety under Vehumet
 13829 | D:10     | Offered knowledge of Freeze by Vehumet.
 13831 | D:10     | Reached skill level 2 in Shields
 13967 | D:10     | Reached skill level 1 in Maces & Flails
 13975 | D:10     | HP: 18/82 [hornet (13)]
 13975 | D:10     | HP: 6/82 [hornet (12)]
 13976 | D:10     | HP: 2/82 [poisoned by a hornet]
 13977 | D:10     | Mangled by a hornet

Vanquished Creatures
  An orc warlord (Bailey)
  2 two-headed ogres
  An orc knight (Bailey)
  An ugly thing (D:9)
  A manticore (D:10)
  Maggie (D:6)
  Grinder (D:5)
  18 yaks
  A steam dragon (D:10)
  Menkaure (D:6)
  Edmund (D:5)
  2 water moccasins
  3 acid dragons
  3 ice beasts
  2 sky beasts
  6 orc warriors
  A black bear (D:7)
  2 centaurs
  2 elf zombies (Ossuary)
  3 phantoms
  2 kobold brigands (D:7)
  Blork the orc (D:5)
  3 bullfrogs
  2 gnoll sergeants
  2 scorpions
  A water moccasin zombie (D:5)
  7 killer bees
  A wight (D:8)
  3 howler monkeys
  2 electric eels (D:8)
  A centaur zombie (D:9)
  A human zombie (Ossuary)
  3 jellies
  A bullfrog skeleton (D:6)
  3 centaur skeletons
  4 hounds
  6 orc priests
  A gnoll shaman (D:5)
  8 orc wizards
  3 iguanas
  A killer bee zombie (D:8)
  4 mummies (Ossuary)
  13 gnolls
  2 howler monkey skeletons (D:7)
  7 adders
  An ufetubus (D:4)
  2 adder skeletons (D:4)
  2 worms
  A dart slug (D:3)
  28 orcs
  7 ball pythons
  3 bats
  8 endoplasms
  3 giant cockroaches
  14 goblins
  11 hobgoblins
  2 quokkas
  4 frilled lizards
  3 hobgoblin zombies (Ossuary)
  A jackal zombie (Ossuary)
  29 kobolds
  2 kobold zombies (Ossuary)
  An orc zombie (Ossuary)
  4 rats
  2 rat zombies (Ossuary)
263 creatures vanquished.

Vanquished Creatures (others)
  3 plants (D:1)
3 creatures vanquished.

Grand Total: 266 creatures vanquished

Table legend:
 A = Non-vault XP
 B = Vault XP
 C = Vault XP percentage of total XP
 D = Non-vault monster count
 E = Vault monster count
 F = Vault count percentage of total count
                 A         B        C        D         E       F
            +---------+---------+-------+---------+---------+-------
      Total |   11552 |    4453 |  27.8 |     203 |      60 |  22.8
            +---------+---------+-------+---------+---------+-------
        D:1 |      44 |       1 |   2.2 |      18 |       1 |   5.3
        D:2 |      58 |       0 |   0.0 |      18 |       0 |   0.0
        D:3 |     148 |       0 |   0.0 |      18 |       0 |   0.0
        D:4 |     397 |       0 |   0.0 |      28 |       0 |   0.0
        D:5 |    1395 |     542 |  28.0 |      24 |       3 |  11.1
        D:6 |    1313 |     545 |  29.3 |      20 |       2 |   9.1
        D:7 |     828 |       0 |   0.0 |      24 |       0 |   0.0
        D:8 |    1773 |     667 |  27.3 |      18 |       6 |  25.0
        D:9 |    4025 |     310 |   7.2 |      28 |       6 |  17.6
       D:10 |    1571 |       0 |   0.0 |       7 |       0 |   0.0
    Ossuary |       0 |     314 | 100.0 |       0 |      16 | 100.0
     Bailey |       0 |    2074 | 100.0 |       0 |      26 | 100.0
            +---------+---------+-------+---------+---------+-------

Illustrated notes

Table legend:
 A = Kills in this place as a percentage of kills in entire the game.
 B = Kills by you in this place as a percentage of kills by you in the entire game.
 C = Kills by friends in this place as a percentage of kills by friends in the entire game.
 D = Other kills in this place as a percentage of other kills in the entire game.
 E = Experience gained in this place as a percentage of experience gained in the entire game.
 F = Experience gained in this place divided by the number of levels of this place that you have seen.
                   A       B       C       D       E      F
               +-------+-------+-------+-------+-------+----------------------
         Total | 100.0 | 100.0 |   N/A |   N/A | 100.0 | 1231.2
       Dungeon |  84.0 |  84.0 |   N/A |   N/A |  85.1 | 1361.7
       Ossuary |   6.1 |   6.1 |   N/A |   N/A |   2.0 | 314.0
        Bailey |   9.9 |   9.9 |   N/A |   N/A |  13.0 | 2074.0
               +-------+-------+-------+-------+-------+----------------------

Table legend: (Time is in decaauts)
 A = Elapsed time spent in this place.
 B = Non-inter-level travel time spent in this place.
 C = Inter-level travel time spent in this place.
 D = Time resting spent in this place.
 E = Time spent auto-exploring this place.
 F = Levels seen in this place.
 G = Mean time per level.
                   A        B        C        D        E       F      G
               +--------+--------+--------+--------+--------+-----+--------+
         Total |  14035 |  13558 |    477 |   1780 |   9778 |  13 | 1079.6 |
       Dungeon |  12708 |  12244 |    464 |   1381 |   9304 |  10 | 1270.8 |
        Temple |    187 |    174 |     13 |      0 |    167 |   1 |  187.0 |
       Ossuary |    323 |    323 |      0 |      0 |    218 |   1 |  323.0 |
        Bailey |    815 |    815 |      0 |    399 |     89 |   1 |  815.0 |
               +--------+--------+--------+--------+--------+-----+--------+

Top non-repeatable levels by time:
     D:4: 1697 daAuts
     D:5: 1660 daAuts
     D:6: 1659 daAuts
     D:9: 1631 daAuts
     D:8: 1457 daAuts
     D:2: 1261 daAuts
     D:1: 1178 daAuts
     D:3: 1127 daAuts
     D:7: 921 daAuts
  Bailey: 815 daAuts
 Ossuary: 323 daAuts
  Temple: 187 daAuts
    D:10: 113 daAuts
